 Dungeon Crawl Stone Soup version 0.30.1-11-g7821555f0a (webtiles) character file.

Game seed: 13571370506639937111

56 SacredBeard the Grave Robber (level 3, -3/26 HPs)
             Began as a Demonspawn Necromancer on Nov 5, 2023.
             Killed by divine providence
             ... invoked by an orc priest
              (13 damage)
             ... on level 2 of the Dungeon.
             The game lasted 00:03:38 (1417 turns).

SacredBeard the Grave Robber (DsNe)                 Turns: 1417, Time: 00:03:38

Health: -3/26      AC:  2    Str: 14    XL:     3   Next: 69%
Magic:  3/6        EV: 12    Int: 16    God:
Gold:   49         SH:  0    Dex: 15    Spells: 5/6 levels left

rFire   . . .        n - +0 short sword
rCold   . . .        (no shield)
rNeg    . . .        a - +0 robe
rPois   .            (no helmet)
rElec   .            (no cloak)
rCorr   +            (no gloves)
SInv    .            (no boots)
Will    .....        (no amulet)
Stlth   ++           c - +6 ring of strength
HPRegen 0.24/turn    h - ring of resist corrosion
MPRegen 0.10/turn

%: no passive effects
@: no status effects
A: claws 1, powered by death 1
a: no special abilities


You were on level 2 of the Dungeon.
You visited 1 branch of the dungeon, and saw 2 of its levels.

You collected 49 gold pieces.

Inventory:

Hand Weapons
 n - a +0 short sword (weapon)
Missiles
 m - 2 throwing nets
Armour
 a - a +0 robe (worn)
Jewellery
 c - a +6 ring of strength (left claw)
 h - a ring of resist corrosion (right claw)
Wands
 e - a wand of digging (4)
Scrolls
 d - 2 scrolls of teleportation {unknown}
 g - 3 scrolls of identify {unknown}
 l - a scroll of enchant weapon {unknown}
Potions
 b - a potion of magic
 f - a potion of degeneration {unknown}
 i - 2 potions of mutation {unknown}
 j - 2 potions of cancellation {unknown}
 k - a potion of attraction {unknown}


   Skills:
 + Level 1.0 Fighting
 + Level 0.1 Throwing
 + Level 1.0 Armour
 - Level 2.0 Dodging
 + Level 2.1 Stealth
 + Level 2.3 Spellcasting
 * Level 4.9 Necromancy
 + Level 0.3 Evocations


You had 5 spell levels left.
You knew the following spells:

 Your Spells              Type           Power      Damage    Failure   Level
a - Necrotise             Necr           68%        1d7       2%          1

Your spell library contained the following spells:

 Spells                   Type           Power      Damage    Failure   Level
 Vampiric Draining        Necr           17%        2d7       8%          3
 Animate Dead             Necr           17%        N/A       26%         4
 Agony                    Necr           17%        N/A       58%         5


Dungeon Overview and Level Annotations

Branches:
Dungeon (2/15) Zot: 10564

Altars:

Shops:
D:2 :


Innate Abilities, Weirdness & Mutations

You have sharp fingernails.
You regenerate a little health from kills.


Message History

The orc writhes in agony.
You kill the orc!
The dead are walking!
The orc writhes in agony.
The orc priest mumbles some strange prayers to Beogh against you.
Beogh smites you!
You are too injured to fight recklessly!
You are too injured to fight recklessly!
You are too injured to fight recklessly!
Your magical contamination has completely faded away.
The orc priest hits something with a +0 hand axe.
You are too injured to fight recklessly!
Casting: Necrotise (safe; 2% risk of failure)
Confirm with . or Enter, or press ? or * to list all spells.
Aiming: Necrotise (safe; 2% risk of failure)
Press: ? - help, Shift-Dir - straight line, f/p - orc
Aim: an orc, wielding a +0 club and quivering boomerangs (lightly wounded, chance to affect: 87%)
The orc writhes in agony.
You kill the orc!
The dead are walking!
Your orc skeleton hits the orc priest but does no damage.
The orc priest hits your orc skeleton with a +0 hand axe!
Your orc skeleton is destroyed!
Your orc skeleton barely misses the orc priest.
The orc priest hits you with a +0 hand axe.
The orc priest hits your orc skeleton with a +0 hand axe.
You hit the orc priest but do no damage.
Your orc skeleton closely misses the orc priest.
The orc priest closely misses you.
The orc priest hits your orc skeleton with a +0 hand axe.
Your orc skeleton is destroyed!
You hit the orc priest.
The orc priest is moderately wounded.
The orc priest hits you with a +0 hand axe.
You hit the orc priest.
The orc priest is moderately wounded.
The orc priest calls down the wrath of Beogh upon you.
Beogh smites you!
Ouch! That really hurt!
You die...

....... # ###..8...8. #.
#..........o$#.
#...........⌠#.
###########...o.......$#.
[.........o.#.)8...8. #.
#######)#####..).... ##.
#######o#####^#########..
........@...............#
#######.###########......
#.# #.##### #.# #......
#.# #.##### #.# #.# ...
..# #.# ### ..#


You could see an orc priest.

Vanquished Creatures
  An adder (D:2)
  2 worms (D:2)
  A dart slug (D:1)
  3 orcs (D:2)
  3 bats
  An endoplasm (D:1)
  A giant cockroach (D:1)
  A goblin (D:1)
  5 hobgoblins
  2 jackals (D:2)
  3 kobolds (D:1)
  3 quokkas
  2 ball pythons (D:1)
  2 frilled lizards (D:1)
  3 rats
33 creatures vanquished.

Vanquished Creatures (collateral kills)
  A jackal (D:2)
  A frilled lizard (D:1)
2 creatures vanquished.

Grand Total: 35 creatures vanquished

Notes
Turn   | Place    | Note
-------+----------+-------------------------------------------
     0 | D:1      | SacredBeard the Demonspawn Necromancer began the quest for
                  | the Orb.
     0 | D:1      | Reached XP level 1. HP: 13/13 MP: 3/3
   379 | D:1      | Gained mutation: You regenerate a little health from kills.
                  | [demonic ancestry]
   379 | D:1      | Reached XP level 2. HP: 20/20 MP: 1/5
   917 | D:2      | Found Acierr's Vocational Training.
   961 | D:2      | Gained mutation: You have sharp fingernails. [demonic
                  | ancestry]
   961 | D:2      | Reached XP level 3. HP: 25/25 MP: 0/6
  1253 | D:2      | Reached skill level 1 in Armour
  1269 | D:2      | Reached skill level 1 in Fighting
  1417 | D:2      | Killed from afar by an orc priest

Illustrated notes

Levels and vault maps discovered:
D:1:      ebering_hopf_link, layout_loops_ring, fountainhead,
          chequers_serial_rivers_small_a, minmay_tromino_v2
D:2:      cheibrodos_pilgrimage, layout_loops_ring, nicolae_shop_vocational

Skill      XL: |  1  2  3 |
---------------+----------+-----
Dodging        | 2 |  2.0
Stealth        | 2 |  2.1
Armour         | 1 |  1.0
Fighting       | 1 |  1.0
Throwing       | |  0.1
Spellcasting   | |  2.3
Necromancy     | |  4.9
Evocations     | |  0.3

Action                     || total
---------------------------++-------
  Melee: Flail             ||    36
         Short sword       ||    21
   Cast: Necrotise         ||    58
 Armour: Robe              ||     6
  Dodge: Dodged            ||    47
